 Dungeon Crawl Stone Soup version 0.24-a0-459-g225fefd530 (webtiles) character file.

Game seed: 13059845566655564331

5014 HAL9000 the Transmogrifier (level 10, -4/93 HPs)
             Began as a Green Draconian Transmuter on June 25, 2019.
             Was a Priest of Ru.
             Slain by a very large slime creature (60 damage)
             ... on level 9 of the Dungeon on June 29, 2019.
             The game lasted 00:30:55 (12899 turns).

HAL9000 the Transmogrifier (DrTm)                  Turns: 12899, Time: 00:30:56

Health: -4/93      AC:  8    Str: 13    XL:     10   Next: 30%
Magic:  0/13       EV: 12    Int: 16    God:    Ru [***...]
Gold:   508        SH:  0    Dex: 12    Spells: 2/13 levels left

rFire    . . .     SeeInvis .     - Unarmed
rCold    . . .     Gourm    +   (shield currently unavailable)
rNeg     + . .     Faith    .   (armour unavailable)
rPois    +         Spirit   .   (helmet restricted)
rElec    .         Reflect  .   (no cloak)
rCorr    .         Harm     .   (gloves currently unavailable)
MR       .....                  n - +0 pair of boots
Stlth    ..........             i - amulet of the gourmand
HPRegen  0.25/turn              s - ring of positive energy
MPRegen  0.13/turn              (no ring)

@: blade hands
A: breathe noxious fumes, unfitting armour, poison resistance, cold-blooded, no
stealth, inability to use devices, AC +7
a: Breathe Noxious Fumes, End Transformation, Draw Out Power, Renounce Religion


You were on level 9 of the Dungeon.
You worshipped Ru.
Ru was most pleased with you.
You were very full.
You had blades for hands.
You visited 2 branches of the dungeon, and saw 11 of its levels.

You collected 508 gold pieces.

Inventory:

Missiles
 a - 142 arrows
 L - 2 throwing nets (quivered)
Armour
 n - a +0 pair of boots (worn)
 t - a +0 buckler
 B - a +2 shield
Magical Staves
 v - an uncursed staff of summoning
Jewellery
 g - an uncursed ring of fire
 i - an amulet of the gourmand (around neck)
 s - a ring of positive energy (left scythe-like blade)
 K - an uncursed ring of resist corrosion
 M - an uncursed ring of protection from cold
Scrolls
 b - 4 scrolls of teleportation {unknown}
 d - a scroll of random uselessness {unknown}
 f - 3 scrolls of noise {unknown}
 h - 3 scrolls of remove curse {unknown}
 k - 2 scrolls of enchant weapon {unknown}
 m - 3 scrolls of magic mapping
 p - 5 scrolls of fear
 q - a scroll of identify
 x - 3 scrolls of amnesia
 y - a scroll of enchant armour {unknown}
 I - a scroll of fog {unknown}
 J - a scroll of vulnerability {unknown}
Potions
 e - 9 potions of curing
 j - 3 potions of agility
 l - 2 potions of mutation {unknown}
 o - a potion of flight {unknown}
 r - a potion of cancellation
 u - 2 potions of haste {unknown}
 w - a potion of magic
 z - 3 potions of resistance {unknown}
 A - 2 potions of invisibility {unknown}
 C - a potion of lignification {unknown}
 D - 3 potions of heal wounds
 F - a potion of berserk rage {unknown}
 G - a potion of brilliance {unknown}
 H - 2 potions of degeneration {unknown}
Comestibles
 c - 16 rations


   Skills:
 - Level 10.0 Fighting
 - Level 1.7 Dodging
 + Level 7.9 Unarmed Combat
 - Level 2.0 Spellcasting
 - Level 10.1 Transmutations


You had 2 spell levels left.
You knew the following spells:

 Your Spells              Type           Power        Failure   Level  Hunger
a - Beastly Appendage     Tmut           ####..       10%         1    #......
b - Sticks to Snakes      Tmut           ####....     12%         2    ###....
c - Spider Form           Tmut/Pois      ###.......   41%         3    ###....
d - Blade Hands           Tmut           ####......   43%         5    ######.

Your spell library contained the following spells:

 Spells                   Type           Power        Failure   Level  Hunger
 Ice Form                 Ice/Tmut       ###.....     69%         4    #####..


Dungeon Overview and Level Annotations

Branches:
Dungeon (10/15)            Temple (1/1) D:4
   Lair: D:8-11         Orc: D:9-12

Altars:
Ashenzari
Cheibriados
Dithmenos
Elyvilon
Fedhas
Gozag
Hepliaklqana
Kikubaaqudgha
Makhleb
Nemelex Xobeh
Okawaru
Qazlal
Ru
Sif Muna
Trog
Uskayaw
Vehumet
Wu Jian
Xom
Yredelemnul
Zin
The Shining One

Shops:
D:4 (   D:6 *

Annotations:
D:5 1 runed translucent door, LabCoat's ghost, novice HOFi


Innate Abilities, Weirdness & Mutations

You can breathe blasts of noxious fumes.
Your lurid green scales are hard. (AC +7)
You cannot fit into any form of body armour.
Your system is resistant to poisons. (rPois)
You are cold-blooded and may be slowed by cold attacks.
You cannot be stealthy.
You cannot study or use magical devices.


Message History

The very large slime creature closely misses your adder.
Your adder bites the very large slime creature.
Your ball python bites the very large slime creature.
Casting: Sticks to Snakes (safe; 1% risk of failure)
Confirm with . or Enter, or press ? or * to list all spells.
Your hands turn into razor-sharp scythe blades.
Your ball python bites the very large slime creature.
The very large slime creature hits your adder!!!
Your adder dies!
Your ball python barely misses the very large slime creature.
Your ball python closely misses the very large slime creature.
The very large slime creature hits you!!
Your ball python barely misses the very large slime creature.
Your ball python bites the very large slime creature.
You slash the very large slime creature!
The very large slime creature is moderately wounded.
Your ball python bites the very large slime creature.
The very large slime creature hits you!!!
Ouch! That really hurt!
You die...

.......#.##.#.....S....##..'...'.
..............#..)..#..#.#.#8.8#.
........#........#.###.#####8.8##
.............[.#...# ##.##.#8.8#.
........##....#..### #....##'##.
........##......### ###...#......
........#.........###.[..##......
[.)...........S##(#...)...#......
)............SSJ@................
###.).........###..#.............
#..............................
###..<....#######...#########..>.
.............................##..
...............###.#########.....
...#..........#....# ######
####............#### #
#..[......<###


You could see a very large slime creature, a friendly adder and 2 friendly ball
pythons.

Vanquished Creatures
  A manticore (D:9)
  A troll (D:9)
  A merfolk (D:9)
  A slime creature (D:9)
  A hippogriff (D:9)
  Grum (D:8)
  2 hungry ghosts
  2 orc warriors
  3 ice beasts
  A sky beast (D:7)
  2 ogres
  4 wolves (D:8)
  3 centaurs (D:7)
  A big kobold (D:8)
  6 bullfrogs
  3 scorpions
  A howler monkey (D:4)
  3 crimson imps
  A centaur zombie (D:5)
  3 hounds
  2 jellies (D:5)
  A quasit (D:9)
  An orc priest (D:9)
  3 orc wizards
  A gnoll shaman (D:9)
  A bullfrog skeleton (D:7)
  2 iguanas
  6 worker ants
  A killer bee zombie (D:3)
  A worker ant zombie (D:5)
  A howler monkey zombie (D:9)
  9 gnolls
  9 adders
  A shadow imp (D:7)
  3 oozes
  2 adder zombies
  A worm (D:4)
  6 leopard geckos
  16 orcs
  5 giant cockroaches
  5 goblins (D:1)
  8 hobgoblins
  4 jackals
  3 quokkas
  4 bats
  5 frilled lizards
  13 kobolds
  A leopard gecko skeleton (D:4)
  A quokka skeleton (D:5)
  8 rats
165 creatures vanquished.

Vanquished Creatures (collateral kills)
  A two-headed ogre (D:9)
  A centaur (D:8)
  A scorpion (D:6)
  A centaur zombie (D:7)
  2 orc wizards
  Ijyb (D:3)
  A worker ant (D:4)
  A hound zombie (D:7)
  4 gnolls
  An adder (D:4)
  A shadow imp (D:7)
  2 leopard geckos
  2 jackals (D:8)
19 creatures vanquished.

Vanquished Creatures (others)
  An iguana (D:10)
1 creature vanquished.

Grand Total: 185 creatures vanquished

Notes
Turn   | Place    | Note
-------+----------+-------------------------------------------
     0 | D:1      | HAL9000 the Draconian Transmuter began the quest for the
                  | Orb.
     0 | D:1      | Reached XP level 1. HP: 16/16 MP: 3/3
    48 | D:1      | Reached XP level 2. HP: 13/23 MP: 3/5
   747 | D:1      | Reached XP level 3. HP: 22/28 MP: 6/6
  1331 | D:1      | Learned a level 2 spell: Sticks to Snakes
  1335 | D:1      | Learned a level 3 spell: Spider Form
  2224 | D:2      | Reached skill level 5 in Unarmed Combat
  2224 | D:2      | Reached XP level 4. HP: 30/35 MP: 2/7
  2929 | D:3      | Noticed Ijyb
  2963 | D:3      | Killed Ijyb
  3269 | D:3      | Reached XP level 5. HP: 21/40 MP: 2/8
  3776 | D:4      | Found a staircase to the Ecumenical Temple.
  3797 | D:4      | Reached XP level 6. HP: 31/47 MP: 6/9
  3948 | Temple   | Entered the Ecumenical Temple
  4317 | D:4      | Found Koarasue's Antique Weapon Emporium.
  5022 | D:4      | Reached skill level 5 in Transmutations
  5198 | D:4      | Found a white marble altar of Elyvilon.
  5395 | D:4      | Your scales start taking on a lurid green colour.
  5395 | D:4      | Reached XP level 7. HP: 52/52 MP: 6/10
  5395 | D:4      | Gained mutation: Your system is resistant to poisons.
                  | (rPois) [Green Draconian growth]
  5591 | D:5      | Entered Level 5 of the Dungeon
  6338 | D:5      | Found a hazy altar of Hepliaklqana.
  7002 | D:5      | Found a runed translucent door.
  7004 | D:5      | Noticed LabCoat's ghost (novice HOFi)
  7016 | D:5      | Found a sacrificial altar of Ru.
  7062 | D:5      | Became a worshipper of Ru the Awakened
  7141 | D:5      | Upgraded the game from 0.24-a0-447-ge8da9206dc to
                  | 0.24-a0-451-g263dff2034
  7312 | D:6      | Found Vumo's Assorted Antiques.
  7464 | D:6      | Reached XP level 8. HP: 53/59 MP: 11/11
  8665 | D:7      | Found a shadowy altar of Dithmenos.
  8804 | D:7      | Gained mutation: You cannot study or use magical devices.
                  | [Ru sacrifice]
  8804 | D:7      | Reached * piety under Ru
  8804 | D:7      | Reached ** piety under Ru
  8932 | D:7      | Upgraded the game from 0.24-a0-451-g263dff2034 to
                  | 0.24-a0-458-gfcb5e6da0e
  9467 | D:7      | Reached skill level 10 in Transmutations
  9484 | D:7      | Learned a level 5 spell: Blade Hands
  9674 | D:7      | Found a basalt altar of Yredelemnul.
  9674 | D:7      | Found a deep blue altar of Sif Muna.
  9675 | D:7      | Found an ornate altar of the Wu Jian Council.
 10052 | D:8      | Reached XP level 9. HP: 72/72 MP: 6/12
 10221 | D:8      | Reached skill level 5 in Fighting
 10693 | D:8      | Noticed Grum
 10715 | D:8      | Killed Grum
 11075 | D:8      | Found a glowing silver altar of Zin.
 11076 | D:8      | Noticed an angel
 11646 | D:9      | Noticed a manticore
 11646 | D:9      | Noticed a two-headed ogre
 11646 | D:9      | Noticed a troll
 11816 | D:9      | Noticed a merfolk
 11823 | D:9      | Killed a merfolk
 12429 | D:9      | Killed a two-headed ogre
 12429 | D:9      | Reached XP level 10. HP: 92/92 MP: 2/13
 12442 | D:9      | Reached skill level 10 in Fighting
 12501 | D:9      | Killed a manticore
 12793 | D:10     | Entered Level 10 of the Dungeon
 12845 | D:9      | Upgraded the game from 0.24-a0-458-gfcb5e6da0e to
                  | 0.24-a0-459-g225fefd530
 12845 | D:9      | Gained mutation: You cannot be stealthy. [Ru sacrifice]
 12845 | D:9      | Reached *** piety under Ru
 12899 | D:9      | Slain by a very large slime creature

Levels and vault maps discovered:
D:1:      psy_arrival_spokes, layout_basic, minmay_tetromino_t4
D:2:      layout_basic, corexii_leaking_fountain
D:3:      layout_loops_cross, uniq_ijyb
D:4:      layout_basic, minmay_temple_entry_large_hall, serial_shops,
          kennysheep_mini_moat, elyvilon_altar_3
D:5:      layout_cave_pools, kennysheep_little_box, lemuel_doored_altar,
          first_ration, ebering_ghost_inner_flame
D:6:      layout_gridville, serial_shops, nicolae_shop_waterfront
D:7:      layout_gridville, nicolae_dithmenos_the_darkroom,
          gammafunk_temple_overflow_claw
D:8:      layout_basic, zin_angel, uniq_grum
D:9:      minmay_chambers_of_sevens, layout_rooms, hangedman_fish_farm
D:10:     layout_roguey
Temple:   regret_index_temple_generic_petals

Skill      XL: |  1  2  3  4  5  6  7  8  9 10 |
---------------+-------------------------------+-----
Unarmed Combat | 4 5 6 7 |  7.9
Transmutations | 4 6 8 10 | 10.1
Fighting       | 4 9 10 | 10.0
Dodging        | |  1.7
Spellcasting   | |  2.0

Action                   |  1- 3 |  4- 6 |  7- 9 | 10-12 || total
-------------------------+-------+-------+-------+-------++-------
Melee: Unarmed           |   111 |   173 |   369 |    20 ||   673
       Tailslap          |    12 |    15 |    46 |     2 ||    75
       Headbutt          |     3 |    14 |    11 |       ||    28
       Kick              |     7 |     1 |       |       ||     8
       Punch             |     1 |     2 |    10 |       ||    13
 Cast: Beastly Appendage |    21 |    23 |    12 |       ||    56
       Sticks to Snakes  |     2 |    13 |    28 |     5 ||    48
       Spider Form       |       |     5 |    10 |       ||    15
       Blade Hands       |       |       |    11 |     3 ||    14
Invok: Sacrifice Artific |       |       |     1 |       ||     1
       Sacrifice Stealth |       |       |       |     1 ||     1
 Abil: Breathe Noxious F |       |       |    14 |       ||    14
  Use: Scroll            |       |       |     7 |       ||     7
 Stab: Distracted        |       |     2 |     2 |       ||     4
       Confused          |       |       |     7 |       ||     7
       Invisible         |       |       |     1 |       ||     1
  Eat: Chunk             |     5 |    12 |    42 |     2 ||    61
       Ration            |       |       |     1 |       ||     1
Armor: Skin              |    37 |    59 |    96 |     5 ||   197
Dodge: Dodged            |    62 |   141 |   233 |     8 ||   444

Table legend:
 A = Non-vault XP
 B = Vault XP
 C = Vault XP percentage of total XP
 D = Non-vault monster count
 E = Vault monster count
 F = Vault count percentage of total count
                 A         B        C        D         E       F
            +---------+---------+-------+---------+---------+-------
      Total |    3877 |    3286 |  45.9 |     164 |      21 |  11.4
            +---------+---------+-------+---------+---------+-------
        D:1 |      81 |       9 |  10.0 |      26 |       2 |   7.1
        D:2 |      62 |       0 |   0.0 |      11 |       0 |   0.0
        D:3 |      99 |      24 |  19.5 |      19 |       1 |   5.0
        D:4 |     765 |       0 |   0.0 |      32 |       0 |   0.0
        D:5 |     275 |       0 |   0.0 |      12 |       0 |   0.0
        D:6 |     427 |       0 |   0.0 |      11 |       0 |   0.0
        D:7 |     959 |       0 |   0.0 |      18 |       0 |   0.0
        D:8 |     668 |     570 |  46.0 |      18 |       5 |  21.7
        D:9 |     521 |    2683 |  83.7 |      16 |      13 |  44.8
       D:10 |      20 |       0 |   0.0 |       1 |       0 |   0.0
            +---------+---------+-------+---------+---------+-------
